 Dungeon Crawl Stone Soup version 0.25-a0-1133-g93ebf739aa (webtiles) character file.

Game seed: 7375632400797951811, levelgen mode: deterministic

96 vurker the Charlatan (level 4, -1/34 HPs)
             Began as a Barachi Artificer on May 21, 2020.
             Slain by a goblin
             ... wielding a +0 club
             ... led by Robin
              (4 damage)
             ... on level 2 of the Dungeon.
             The game lasted 00:03:20 (1929 turns).

vurker the Charlatan (Barachi Artificer)            Turns: 1929, Time: 00:03:20

Health: -1/34      AC:  9    Str: 14    XL:     4   Next: 67%
Magic:  7/7        EV:  7    Int: 12    God:
Gold:   124        SH:  0    Dex: 12    Spells: 3/3 levels left

rFire    . . .     SeeInvis .   a - +0 short sword
rCold    . . .     Gourm    .   (no shield)
rNeg     . . .     Faith    .   o - +0 chain mail
rPois    .         Spirit   .   (no helmet)
rElec    .         Reflect  .   (no cloak)
rCorr    .         Harm     .   h - +0 pair of gloves
MR       .....                  (no boots)
Stlth    ..........             (no amulet)
HPRegen  0.11/turn              (no ring)
MPRegen  0.10/turn              (no ring)

@: can't hop, slow
A: +LOS, swims, slowness 1, strong legs 1
a: Hop


You were on level 2 of the Dungeon.
You were not hungry.

You visited 1 branch of the dungeon, and saw 2 of its levels.

You collected 124 gold pieces.

Inventory:

Hand Weapons
 a - a +0 short sword (weapon)
Armour
 h - a +0 pair of gloves (worn)
   (You found it on level 1 of the Dungeon)
 o - a +0 chain mail (worn)
   (You found it on level 2 of the Dungeon)
Wands
 c - a wand of disintegration (15)
   (You found it on level 2 of the Dungeon)
 d - a wand of enslavement (15)
 f - a wand of random effects (12)
 t - a wand of flame (15)
Scrolls
 b - 2 scrolls of teleportation {unknown}
 g - a scroll of identify {unknown}
 j - 2 scrolls of fear {unknown}
 p - a scroll of blinking {unknown}
Potions
 i - a potion of haste {unknown}
 k - a potion of lignification {unknown}
 l - a potion of cancellation {unknown}
 m - a potion of stabbing {unknown}
 n - a potion of berserk rage {unknown}
Comestibles
 e - a ration


   Skills:
 + Level 2.8 Fighting
 - Level 1.1 Short Blades
 + Level 2.2 Armour
 + Level 3.1 Dodging
 - Level 0.8 Stealth
 + Level 4.0 Evocations


You had 3 spell levels left.
You didn't know any spells.
Your spell library was empty.

Dungeon Overview and Level Annotations

Branches:
Dungeon (2/15)

Altars:

Annotations:
D:2 Robin


Innate Abilities, Weirdness & Mutations

You can be seen from farther away. (+LOS)
You can swim through water.
You cover ground slowly.
You can hop short distances.


Message History

Robin completely misses you. The goblin hits you but does no damage.
The goblin hits you. The goblin hits you but does no damage.
You closely miss the goblin.
The goblin hits you but does no damage. x2
The goblin barely misses you.
You hit the goblin.
You kill the goblin!
Robin hits you but does no damage. The goblin hits you with a +0 club.
* * * LOW HITPOINT WARNING * * *
The goblin closely misses you.
Aim: Robin, wielding a +5 club, wearing a +0 animal skin and wearing a cursed +0 helmet Robin suddenly stops moving!
The goblin hits you but does no damage. The goblin hits you with a +0 club.
* * * LOW HITPOINT WARNING * * *
The helpless Robin fails to defend themself.
You hit Robin. The goblin hits you but does no damage.
The goblin hits you with a +0 club.
* * * LOW HITPOINT WARNING * * *
The helpless Robin fails to defend themself.
You hit Robin. The goblin hits you.
* * * LOW HITPOINT WARNING * * *
The goblin closely misses you.
Okay, then.
The goblin no longer looks unusually strong.
The hobgoblin no longer looks unusually strong.
The goblin no longer looks unusually strong.
The goblin barely misses you.
Hop to where?
Boing!
A goblin comes into view. It is wielding a +0 club.
The goblin shouts!
The goblin hits you but does no damage. The goblin hits you with a +0 club.
* * * LOW HITPOINT WARNING * * *
Aim: Robin, wielding a +5 club, wearing a +0 animal skin and wearing a cursed +0 helmet (lightly wounded) Robin flickers and vanishes!
Deactivating autopickup; reactivate with Ctrl-A.
Something throws the goblin at you!
The goblin hits you but does no damage. x2
Okay, then.
The goblin hits you but does no damage. The goblin hits you with a +0 club.
* * * LOW HITPOINT WARNING * * *
The goblin hits you.
* * * LOW HITPOINT WARNING * * *
Okay, then.
Okay, then.
Okay, then.
The goblins go into a battle-frenzy!
You barely miss the goblin. The goblin hits you but does no damage.
The goblin hits you with a +0 club.
You die...

#...###.##.# #....# ##.
#.....#.##.# #..### #.##..
gg#.#....#.# #..#### #....(
#...##>..#.####.....#.# #g....
##........................g..g.##
#.##.#.......#######....###..#
##.#.....(.#....#..) ##. ##.
.......###.##.#...### #
#......(......#g@...#
....#..##......g.##.# #
..........##.#g.....#.#
...####..###.g.###..#.#
##.......#...######...# .
#....##....w....#....##.#
##....#....###.....(.....
........#.#####.##.#........
.#....###.##.........#......


You could see a worm, a hobgoblin (strong) and 3 goblins.

Vanquished Creatures
  3 adders (D:2)
  4 oozes
  A worm (D:2)
  2 dart slugs (D:1)
  6 bats (D:1)
  A giant cockroach (D:1)
  10 goblins
  3 hobgoblins (D:1)
  4 jackals (D:1)
  A kobold (D:1)
  2 quokkas (D:2)
  A ball python (D:1)
  2 frilled lizards
  5 rats
45 creatures vanquished.

Notes
Turn   | Place    | Note
-------+----------+-------------------------------------------
     0 | D:1      | vurker the Barachi Artificer began the quest for the Orb.
     0 | D:1      | Reached XP level 1. HP: 15/15 MP: 3/3
   200 | D:1      | Reached XP level 2. HP: 9/21 MP: 4/4
   201 | D:1      | Reached skill level 1 in Armour
   654 | D:1      | Reached XP level 3. HP: 27/27 MP: 5/5
  1181 | D:2      | Noticed Robin
  1362 | D:2      | Reached XP level 4. HP: 25/34 MP: 6/6
  1587 | D:2      | Reached skill level 4 in Evocations
  1929 | D:2      | Slain by a goblin

Illustrated notes

Levels and vault maps discovered:
D:1:      elethiomel_arrival_quiet, layout_loops_ring, minmay_cut_off
D:2:      layout_rooms, chequers_ecumenical_altar_simple, uniq_robin,
          uniq_terence

Skill      XL: |  1  2  3  4 |
---------------+-------------+-----
Armour         | 1 2 |  2.2
Fighting       | 2 |  2.8
Dodging        | 3 |  3.1
Evocations     | 4 |  4.0
Short Blades   | |  1.1
Stealth        | |  0.8

Action                   |  1- 3 |  4- 6 || total
-------------------------+-------+-------++-------
Melee: Short sword       |   152 |    66 ||   218
 Abil: Hop               |       |     1 ||     1
Evoke: Wand              |     1 |     2 ||     3
  Use: Potion            |       |     1 ||     1
 Stab: Confused          |     1 |       ||     1
       Paralysed         |       |     2 ||     2
  Eat: Chunk             |     2 |     2 ||     4
Armor: Leather armour    |    13 |       ||    13
       Ring mail         |    40 |     1 ||    41
       Chain mail        |       |    52 ||    52
Dodge: Dodged            |   116 |    36 ||   152

Table legend:
 A = Non-vault XP
 B = Vault XP
 C = Vault XP percentage of total XP
 D = Non-vault monster count
 E = Vault monster count
 F = Vault count percentage of total count
                 A         B        C        D         E       F
            +---------+---------+-------+---------+---------+-------
      Total |     115 |      23 |  16.7 |      36 |       9 |  20.0
            +---------+---------+-------+---------+---------+-------
        D:1 |      49 |      13 |  21.0 |      25 |       4 |  13.8
        D:2 |      66 |      10 |  13.2 |      11 |       5 |  31.2
            +---------+---------+-------+---------+---------+-------
